 Dungeon Crawl Stone Soup version 0.30-a0-373-gd37427bb62 (webtiles) character file.

Game seed: 16743927888518850579

122 KennySheep the Poker (level 5, 0/54 HPs)
             Began as an Ogre Gladiator on Nov 23, 2022.
             Slain by Natasha (8 damage)
             ... on level 2 of the Dungeon.
             The game lasted 00:03:11 (1712 turns).

KennySheep the Poker (Ogre Gladiator)               Turns: 1712, Time: 00:03:12

Health: 0/54       AC:  3    Str: 18    XL:     5   Next: 6%
Magic:  5/5        EV: 10    Int: 11    God:
Gold:   57         SH:  0    Dex: 10    Spells: 4/4 levels left

rFire   . . .      SeeInvis .    i - +0 halberd
rCold   . . .      Faith    .    (shield currently unavailable)
rNeg    . . .      Spirit   .    b - +0 robe
rPois   .          Reflect  .    c - +0 hat
rElec   .          Harm     .    (no cloak)
rCorr   .          Rampage  .    (gloves unavailable)
Will    .....                    (boots unavailable)
Stlth   +.........               (no amulet)
HPRegen 0.29/turn                (no ring)
MPRegen 0.09/turn                (no ring)

@: confused, mighty
A: large, unfitting armour, tough skin 1
a: no special abilities


You were on level 2 of the Dungeon.
You visited 1 branch of the dungeon, and saw 2 of its levels.

You collected 57 gold pieces.

Inventory:

Hand Weapons
 a - a +0 trident
 i - a +0 halberd (weapon)
Missiles
 d - 3 throwing nets
 e - a large rock
 f - 5 curare-tipped darts
 l - 14 stones (quivered)
Armour
 b - a +0 robe (worn)
 c - a +0 hat (worn)
Scrolls
 g - 2 scrolls of fear {unknown}
 h - a scroll of enchant weapon {unknown}
 j - a scroll of identify {unknown}
Potions
 k - a potion of might


   Skills:
 + Level 3.6 Fighting
 * Level 4.0 Polearms
 * Level 3.3 Throwing
 + Level 3.2 Dodging


You had 4 spell levels left.
You didn't know any spells.
Your spell library contained the following spells:

 Spells                   Type           Power      Damage    Failure   Level
 Slow                     Hex            0%         N/A       34%         1
 Confusing Touch          Hex            0%         N/A       71%         3
 Vampiric Draining        Necr           0%         2d6       71%         3


Dungeon Overview and Level Annotations

Branches:
Dungeon (2/15)

Altars:

Annotations:
D:2 Natasha


Innate Abilities, Weirdness & Mutations

You are too large for most types of armour.
You have tough skin. (AC +1)


Message History

The hobgoblin closely misses you.
Natasha mumbles some strange words.
You see here a hobgoblin corpse.
You hit the hobgoblin.
The hobgoblin is moderately wounded.
The hobgoblin closely misses you.
The hobgoblin hits you but does no damage.
You slash the hobgoblin!
You kill the hobgoblin!
You slash the goblin!
You kill the goblin!
You barely miss Natasha.
The iron imp disappears in a puff of smoke!
Natasha claws you.
Natasha mumbles some strange words.
Natasha's front paws start to glow.
Natasha claws you.
You slash Natasha!
You kill Natasha!
Natasha growls in agony!
The crimson imp disappears in a puff of smoke!
Your Polearms skill increases to level 4!
You have reached level 5!
You reach to attack!
You puncture the rat!
You kill the rat!
Natasha, Servant of Life and Death comes into view.
She is carrying a wand of light (4).
Natasha is nearby!
Natasha hisses angrily.
Natasha wildly gestures.
Natasha shimmers violently.
Natasha zaps a wand.
The bolt of light hits you!!
You reach to attack!
You closely miss Natasha. You barely miss Natasha.
Natasha zaps a wand.
The bolt of light hits you!
* * * LOW HITPOINT WARNING * * *
Natasha zaps a wand.
The bolt of light hits you!
You are confused.
* * * LOW HITPOINT WARNING * * *
You feel very mighty all of a sudden. Natasha claws you!
You die...

..# . ..# .# . ..###.##
## .## # . #.#..... ...
....# ..
#....#.##.#.####.#.##.#
†......##........#....
#......##.# #.......
..#...<##.#.#....h#
................@#
.##.......####...#
.####..##.# #.#†#
..###..##.## ###)#
....#....†.# ###)#
..#...#.##.# #...#
..#.#...##.###.###
###.###.##...5r#####
### #.####.......#


You could see Natasha.

Vanquished Creatures
  Natasha (twice) (D:2)
  3 gnolls (D:2)
  2 dart slugs (D:2)
  4 ball pythons
  4 endoplasms
  7 goblins
  3 hobgoblins (D:2)
  3 jackals (D:1)
  A quokka (D:2)
  4 bats
  2 frilled lizards
  2 kobolds (D:2)
  3 rats (D:2)
40 creatures vanquished.

Notes
Turn   | Place    | Note
-------+----------+-------------------------------------------
     0 | D:1      | KennySheep the Ogre Gladiator began the quest for the Orb.
     0 | D:1      | Reached XP level 1. HP: 22/22 MP: 1/1
   254 | D:1      | Reached XP level 2. HP: 29/29 MP: 2/2
   952 | D:2      | Noticed Natasha
   964 | D:2      | HP: 1/46 [Natasha (4)]
   966 | D:2      | Noticed a crimson imp
   967 | D:2      | Killed Natasha
   968 | D:2      | Reached XP level 3. HP: 2/37 MP: 3/3
  1200 | D:2      | Reached XP level 4. HP: 26/45 MP: 4/4
  1493 | D:2      | Found a faded altar of an unknown god.
  1653 | D:2      | Noticed Natasha
  1676 | D:2      | Killed Natasha
  1677 | D:2      | Reached skill level 4 in Polearms
  1677 | D:2      | Reached XP level 5. HP: 39/54 MP: 5/5
  1707 | D:2      | Noticed Natasha
  1712 | D:2      | Slain by Natasha

Illustrated notes

Levels and vault maps discovered:
D:1:      dpeg_arrival_three_same_balls, layout_loops_corners
D:2:      layout_basic, basic_ecumenical_altar, minmay_pentomino_o2,
          uniq_natasha, uniq_sigmund

Skill      XL: |  1  2  3  4 |
---------------+-------------+-----
Fighting       | 3 |  3.6
Dodging        | 3 |  3.2
Throwing       | 3 |  3.3
Polearms       | 4 |  4.0

Action                   |  1- 3 |  4- 6 || total
-------------------------+-------+-------++-------
Melee: Trident           |   105 |    22 ||   127
       Halberd           |       |    11 ||    11
  Use: Potion            |     2 |     3 ||     5
Armor: Robe              |    20 |     4 ||    24
Dodge: Dodged            |    48 |    20 ||    68

Table legend: (Time is in decaauts)
 A = Elapsed time spent in this place.
 B = Non-inter-level travel time spent in this place.
 C = Inter-level travel time spent in this place.
 D = Time resting spent in this place.
 E = Time spent auto-exploring this place.
 F = Levels seen in this place.
 G = Mean time per level.
                   A        B        C        D        E       F      G
               +--------+--------+--------+--------+--------+-----+--------+
         Total |   1759 |   1679 |     80 |    270 |   1104 |   2 |  879.5 |
       Dungeon |   1759 |   1679 |     80 |    270 |   1104 |   2 |  879.5 |
               +--------+--------+--------+--------+--------+-----+--------+

Top non-repeatable levels by time:
     D:1: 1178 daAuts
     D:2: 581 daAuts
